 Dungeon Sprint DCSS version 0.14-a0-2679-gcb94c3d (webtiles) character file.

15 BluebellGnoll the Magician (level 2, -10/15 HPs)
             Began as a Deep Elf Fire Elementalist on Feb 17, 2014.
             Was an Initiate of Sif Muna.
             Killed by divine providence
             ... invoked by an orc priest
              (11 damage)
             ... in the Dungeon (Sprint IX: "|||||||||||||||||||||||||||||").
             The game lasted 00:03:41 (278 turns).

BluebellGnoll the Magician (DEFE)                    Turns: 278, Time: 00:03:42

HP -10/15        AC 11     Str  5      XL: 2   Next: 34%
MP  10/14        EV 15     Int 19      God: Sif Muna [......]
Gold 0           SH  0     Dex 15      Spells:  2 memorised, 12 levels left

rFire  . . .     SeeInvis .     p - +2 halberd (protect)
rCold  . . .     Clarity  .     a - +0 elf robe
rNeg   . . .     Conserve .     (no shield)
rPois  .         rCorr    .     v - +0 helmet
rElec  .         rRot     .     (no cloak)
SustAb . .       Spirit   .     u - +0 pair of gloves
rMut   .         Warding  .     (no boots)
Saprov . . .     NoTele   +     (no amulet)
MR     .....                    x - +2 ring of protection
                                w - +2 ring of evasion

@: not resistant to hostile enchantments, fairly stealthy
A: no striking features
a: Renounce Religion


You were in the Dungeon.
You worshipped Sif Muna.
Sif Muna was noncommittal.
You were not hungry.

You visited 1 branch

Inventory:

Hand weapons
 p - a +2,+2 halberd of protection (weapon)
 s - a +2,+2 scimitar of holy wrath
 y - the +0,+0 Staff of Olgreb {rPois}
   (You found it in the Dungeon)

   It protects you from poison.
Armour
 a - a +0 elven robe (worn)
 u - a +0 pair of gloves (worn)
 v - a +0 helmet (worn)
Magical devices
 n - a wand of cold (7)
Comestibles
 c - a bread ration
Scrolls
 i - 2 scrolls of blinking
 l - 3 scrolls of remove curse
 m - 2 scrolls of amnesia
Jewellery
 w - a +2 ring of evasion (left hand)
 x - a +2 ring of protection (right hand)
Potions
 d - 5 potions of curing
 e - 3 potions of heal wounds
 f - a potion of speed
 g - 4 potions of magic
 h - a potion of berserk rage
 k - a potion of invisibility
Books
 b - a book of Flames

   Spells                             Type                      Level
   *Flame Tongue                      Conjuration/Fire             1
   *Throw Flame                       Conjuration/Fire             2
   Conjure Flame                      Conjuration/Fire             3
   Inner Flame                        Hexes/Fire                   3
   Sticky Flame                       Conjuration/Fire             4
   Fireball                           Conjuration/Fire             5


   Skills:
 - Level 2.4 Dodging
 - Level 2.4 Stealth
 + Level 7.1 Spellcasting
 - Level 1.1 Conjurations
 - Level 3.2 Fire Magic


You had 12 spell levels left.
You knew the following spells:

 Your Spells              Type           Power        Failure   Level  Hunger
a - Flame Tongue          Conj/Fire      ###..        6%          1    None
b - Throw Flame           Conj/Fire      ###...       10%         2    None


Dungeon Overview and Level Annotations

Branches:
Dungeon (1/1)

Altars:
Ashenzari
Cheibriados
Dithmenos
Elyvilon
Fedhas
Kikubaaqudgha
Makhleb
Nemelex Xobeh
Okawaru
Sif Muna
Trog
Vehumet
Xom
Yredelemnul
Zin
The Shining One


Message History

The puff of flame hits the hound.
The hound is moderately wounded.
The orc priest mumbles some strange prayers to Beogh against you.
Something smites you!
Ouch! That really hurt!
* * * LOW HITPOINT WARNING * * *
Casting: Throw Flame
Confirm with . or Enter, or press ? or * to list all spells.
Aiming: Flame Tongue
Press: ? - help, Shift-Dir - straight line, f/p - hound
Aim: a hound (moderately wounded)
The flame hits the hound.
The hound is heavily wounded.
The hound barely misses you.
There is a blossoming altar of Fedhas here.
There is a deep blue altar of Sif Muna here.
The orc priest invokes the aid of Beogh against you.
Something smites you!
Ouch! That really hurt!
You die...

▓o▓
▓.▓
▓.▓
▓.▓
▓'▓
▓_▓
▓b▓
▓h▓
▓@▓
▓_▓
▓_▓
▓_▓
▓_▓
▓_▓
▓_▓
▓_▓
▓_▓


You could see a hound, an orc priest and a bat.

Vanquished Creatures
  An adder skeleton (D)
  2 giant geckos (D)
  An orc (D)
  A goblin (D)
  2 hobgoblins (D)
  A bat (D)
  2 giant newts (D)
  A goblin skeleton (D)
11 creatures vanquished.

Notes
Turn   | Place    | Note
--------------------------------------------------------------
     0 | D        | BluebellGnoll, the Deep Elf Fire Elementalist, began the quest for the Orb.
     0 | D        | Reached XP level 1. HP: 10/10 MP: 5/5
     8 | D        | Reached skill level 4 in Spellcasting
    12 | D        | Reached skill level 5 in Spellcasting
    93 | D        | Reached skill level 6 in Spellcasting
    93 | D        | Reached XP level 2. HP: 15/15 MP: 8/12
    99 | D        | Reached skill level 7 in Spellcasting
   110 | D        | Found a glowing silver altar of Zin.
   110 | D        | Found a shimmering altar of Xom.
   110 | D        | Found a glowing golden altar of the Shining One.
   110 | D        | Found a white marble altar of Elyvilon.
   110 | D        | Found a bloodstained altar of Trog.
   110 | D        | Found a shattered altar of Ashenzari.
   110 | D        | Found a snail-covered altar of Cheibriados.
   111 | D        | Found a radiant altar of Vehumet.
   112 | D        | Found a basalt altar of Yredelemnul.
   113 | D        | Found a shimmering altar of Xom.
   114 | D        | Found a burning altar of Makhleb.
   115 | D        | Found a glowing silver altar of Zin.
   116 | D        | Found a shadowy altar of Dithmenos.
   117 | D        | Found an iron altar of Okawaru.
   118 | D        | Found a sparkling altar of Nemelex Xobeh.
   119 | D        | Found a deep blue altar of Sif Muna.
   120 | D        | Found a blossoming altar of Fedhas.
   121 | D        | Found an ancient bone altar of Kikubaaqudgha.
   128 | D        | Became a worshipper of Sif Muna the Loreminder
   262 | D        | Learned a level 2 spell: Throw Flame
   262 | D        | Noticed an orc priest
   262 | D        | Noticed an orc wizard
   262 | D        | Noticed a hound
   278 | D        | Killed from afar by an orc priest

Action                   || total
-------------------------++-------
Melee: Unarmed           ||     1
 Cast: Flame Tongue      ||    15
       Throw Flame       ||     1
